 Dungeon Crawl Stone Soup version 0.20.1-1-g8b1a95d (webtiles) character file.

32508 DocClef the Bludgeoner (level 13, 0/127 HPs)
             Began as a Minotaur Fighter on Sept 14, 2017.
             Was a High Priest of Okawaru.
             Slain by Snorg (4 damage)
             ... on level 13 of the Dungeon.
             The game lasted 00:38:11 (12430 turns).

DocClef the Bludgeoner (Minotaur Fighter)          Turns: 12430, Time: 00:38:11

Health: 0/127      AC: 17    Str: 23    XL:     13   Next: 31%
Magic:  20/20      EV:  9    Int:  8    God:    Okawaru [*****.]
Gold:   950        SH:  0    Dex: 22    Spells: 12/12 levels left

rFire    + . .     SeeInvis .   U - +5 great mace of Midnight {venom, rN+ Int+3 Dex+7}
rCold    . . .     Gourm    .   (shield currently unavailable)
rNeg     + . .     Faith    .   y - +3 plate armour
rPois    .         Spirit   .   (helmet restricted)
rElec    .         Reflect  .   X - scarf {cloud immunity}
rCorr    .         Harm     .   F - +1 pair of gloves
MR       +....                  m - +0 pair of boots "Leunkoro" {rF+}
Stlth    ..........             A - amulet of magic regeneration
Regen    0.4/turn               h - ring of protection from magic
MPRegen  0.3/turn               c - +3 ring of evasion

@: no status effects
A: retaliatory headbutt, horns 2, thin skeletal structure 1, blink
a: Blink, Heroism, Finesse, Renounce Religion


You were on level 13 of the Dungeon.
You worshipped Okawaru.
Okawaru was extremely pleased with you.
You were not hungry.

You visited 3 branches of the dungeon, and saw 16 of its levels.
You visited the Abyss 1 time.
You also visited: Sewer and Ossuary.

You collected 1549 gold pieces.
You spent 599 gold pieces at shops.

Inventory:

Hand Weapons
 i - a +2 morningstar of protection
 U - the +5 great mace of Midnight (weapon) {venom, rN+ Int+3 Dex+7}
   (You bought it in a shop on level 9 of the Dungeon)

   It poisons the flesh of those it strikes.
   It affects your intelligence (+3).
   It affects your dexterity (+7).
   It protects you from negative energy.
Missiles
 e - 6 steel tomahawks (quivered)
 p - 7 curare-tipped needles
 z - 5 exploding tomahawks
Armour
 m - the +0 pair of boots "Leunkoro" (worn) {rF+}
   (You bought it in a shop on level 11 of the Dungeon)

   It protects you from fire.
 o - a +1 buckler
 y - a +3 plate armour (worn)
 F - a +1 pair of gloves (worn)
 X - a scarf of cloud immunity (worn)
 Z - a +2 hat of see invisible
Jewellery
 c - a +3 ring of evasion (right hand)
 h - a ring of protection from magic (left hand)
 A - an amulet of magic regeneration (around neck)
 G - the ring of Laim {Ice Int+2}
   (You found it on level 4 of the Dungeon)

   [ring of ice]

   It enhances your ice magic.
   It affects your intelligence (+2).
   It makes you vulnerable to fire.
   It protects you from cold.
 I - an uncursed ring of magical power
 K - an uncursed ring of protection from fire
Wands
 a - a wand of polymorph (12/24)
 O - a wand of enslavement (15/24)
 Q - a wand of disintegration (13/24)
 T - a wand of lightning (8/15)
 V - a wand of polymorph (18/24)
Scrolls
 u - 3 scrolls of magic mapping
 v - 6 scrolls of recharging
 w - 2 scrolls of blinking
 x - 2 scrolls of fear
 D - 4 scrolls of fog
 E - 10 scrolls of identify
 H - 6 scrolls of teleportation
 L - 2 scrolls of enchant armour
 M - a scroll of remove curse
 W - a scroll of holy word
 Y - a scroll of enchant weapon
Potions
 b - 5 potions of flight
 d - 4 potions of might
 j - 2 potions of invisibility
 k - 3 potions of degeneration
 n - 3 potions of brilliance
 r - 2 potions of magic
 s - 2 potions of heal wounds
 t - 5 potions of curing
 B - a potion of berserk rage {unknown}
 C - 3 potions of mutation
 N - 2 potions of resistance
 P - a potion of agility
 R - 2 potions of lignification
Books
 l - a book of Misfortune

   Spells                             Type                      Level
   a - Confusing Touch                Hexes                        1
   b - Confuse                        Hexes                        3
   c - Gell's Gravitas                Translocation                3
   d - Petrify                        Transmutation/Earth          4
   e - Metabolic Englaciation         Hexes/Ice                    5
   f - Yara's Violent Unravelling     Hexes/Transmutation          5
 S - a book of Geomancy

   Spells                             Type                      Level
   a - Sandblast                      Earth                        1
   b - Passwall                       Transmutation/Earth          2
   c - Stone Arrow                    Conjuration/Earth            3
   d - Petrify                        Transmutation/Earth          4
   e - Lee's Rapid Deconstruction     Earth                        5
Comestibles
 f - 10 bread rations
 g - 10 meat rations
 q - 3 fruits
 J - 9 royal jellies


   Skills:
 - Level 15.5 Fighting
 * Level 16.8 Maces & Flails
 - Level 3.6 Armour
 - Level 3.6 Shields
 - Level 11.3 Invocations


You had 12 spell levels left.
You didn't know any spells.

Dungeon Overview and Level Annotations

Branches:
Dungeon (13/15)            Temple (1/1) D:6            Lair (0/6) D:10
    Orc (2/2) D:10            Elf (0/3) Orc:2
 Vaults: D:13-14

Altars:
Ashenzari
Cheibriados
Dithmenos
Elyvilon
Fedhas
Gozag
Hepliaklqana
Kikubaaqudgha
Makhleb
Nemelex Xobeh
Okawaru
Qazlal
Ru
Sif Muna
Trog
Uskayaw
Vehumet
Xom
Yredelemnul
Zin
The Shining One
Beogh

Shops:
D:5 *   D:6 [%[(   D:9 (   D:11 [

Annotations:
D:11 2 runed doors
D:13 Snorg
Orc:2 Rupert


Innate Abilities, Weirdness & Mutations

You reflexively headbutt those who attack you in melee.
You have a pair of horns on your head.
You have a somewhat thin skeletal structure. (Dex +2, Stealth)
You can translocate small distances at will.


Message History

Snorg completely misses you. Snorg claws you but does no damage. x2
The soldier ant moves out of view.
Snorg bites you!
* * * LOW HITPOINT WARNING * * *
Snorg claws you!
* * * LOW HITPOINT WARNING * * *
Snorg claws you!
* * * LOW HITPOINT WARNING * * *
You feel much better. Snorg closely misses you.
Snorg claws you but does no damage. Snorg barely misses you. Snorg bites you!
* * * LOW HITPOINT WARNING * * *
Snorg barely misses you. Snorg claws you but does no damage. Snorg bites you!!
* * * LOW HITPOINT WARNING * * *
Snorg barely misses you. Snorg claws you.
* * * LOW HITPOINT WARNING * * *
You hit Snorg.
Snorg looks as sick as possible!
Snorg is severely wounded.
Snorg bites you but does no damage. Snorg claws you but does no damage.
Snorg claws you.
You die...

....?....######
...............
..........#
########a.# #..# #†)#
#..#
####.T#############
#....@.............
##....)((..........
#..........)#####..
#...................
#....................
#..##########.........
#.. #.########
#######.########
................


You could see Snorg (berserk) and a soldier ant.

Vanquished Creatures
  2 tentacled starspawn (Abyss:1)
  A great orb of eyes (Abyss:1)
  A rakshasa (Abyss:1)
  The ghost of sleevener the Grappler, a journeyman TrNe of Kikubaaqudgha (D:12)
  A hydra (D:12)
  4 two-headed ogres
  A centaur warrior (D:13)
  A tengu warrior (D:13)
  Sonja (D:11)
  The ghost of HeyBub the Covert, a novice SpAK of Lugonu (D:7)
  5 skeletal warriors (D:11)
  An unseen horror (D:13)
  Pikel (D:7)
  3 ugly things
  A deep elf mage (D:12)
  A centaur zombie (D:11)
  A manticore (D:12)
  3 slime creatures (D:12)
  An apocalypse crab (Abyss:1)
  Maurice (D:8)
  Psyche (D:8)
  A gargoyle (D:10)
  A komodo dragon (D:10)
  A kobold demonologist (D:13)
  A demonic crawler (Abyss:1)
  A troll (D:9)
  A hornet (D:9)
  3 hippogriffs (D:12)
  Sigmund (D:3)
  3 wraiths
  7 yaks
  A wyvern (D:10)
  2 basilisks (D:10)
  4 large abominations (Abyss:1)
  A ynoxinul (Abyss:1)
  2 hogs (D:8)
  A steam dragon (D:10)
  A human (D:8)
  3 wargs (Orc:1)
  Menkaure (D:7)
  A soldier ant (D:12)
  6 orc warriors
  A hornet zombie (D:8)
  2 phantoms
  5 sky beasts
  A black bear (D:12)
  3 ice beasts
  8 centaurs
  An eye of draining (D:11)
  10 ogres
  2 crocodiles
  A big kobold (D:12)
  8 bullfrogs
  A gnoll sergeant (D:10)
  A water moccasin zombie (D:6)
  7 scorpions
  9 killer bees
  8 wights
  5 howler monkeys
  An electric eel (D:10)
  6 crimson imps
  A bullfrog zombie (D:12)
  5 hounds
  A jelly (D:6)
  An iron imp (Abyss:1)
  11 orc priests
  A gnoll shaman (D:5)
  11 orc wizards
  5 bullfrog skeletons
  4 iguanas
  Terence (D:3)
  Ijyb (D:3)
  Natasha (twice) (D:2)
  8 worker ants
  5 small abominations (Abyss:1)
  A hound skeleton (D:4)
  A mummy (Ossuary)
  A worker ant zombie (D:7)
  14 gnolls
  19 adders
  6 river rats (Sewer)
  2 shadow imps
  An ufetubus (Abyss:1)
  An ooze (D:1)
  2 adder zombies
  3 worms
  A dart slug (D:3)
  3 leopard geckos
  45 orcs
  4 giant cockroaches
  6 goblins
  6 hobgoblins
  10 jackals
  8 kobolds
  2 quokkas
  8 ball pythons
  4 bats
  9 frilled lizards
  A giant cockroach zombie (D:5)
  7 gnoll skeletons (Ossuary)
  7 kobold skeletons (Ossuary)
  A leopard gecko skeleton (D:3)
  A leopard gecko zombie (D:5)
  11 orc skeletons (Ossuary)
  30 rats
  A fungus (D:2)
  A starspawn tentacle (Abyss:1)
430 creatures vanquished.

Vanquished Creatures (others)
  A slave (D:7)
  2 killer bees (D:12)
  A hound (D:7)
  An adder skeleton (D:7)
  4 starspawn tentacles (Abyss:1)
9 creatures vanquished.

Grand Total: 439 creatures vanquished

Notes
Turn   | Place    | Note
-------+----------+-------------------------------------------
     0 | D:1      | DocClef the Minotaur Fighter began the quest for the Orb.
     0 | D:1      | Reached XP level 1. HP: 19/19 MP: 0/0
    75 | D:1      | Reached XP level 2. HP: 26/28 MP: 1/1
   722 | D:2      | Reached skill level 5 in Fighting
   730 | D:2      | Noticed Natasha
   738 | D:2      | Killed Natasha
   738 | D:2      | Reached skill level 3 in Maces & Flails
   738 | D:2      | Reached XP level 3. HP: 32/36 MP: 2/2
  1155 | D:2      | Noticed Natasha
  1161 | D:2      | Killed Natasha
  1161 | D:2      | Reached skill level 4 in Maces & Flails
  1161 | D:2      | Reached XP level 4. HP: 41/42 MP: 3/3
  1706 | D:3      | Found a glowing drain.
  1715 | Sewer    | Entered a sewer
  1751 | Sewer    | Reached skill level 5 in Maces & Flails
  1803 | Sewer    | Reached XP level 5. HP: 45/48 MP: 4/4
  1933 | Sewer    | Reached skill level 6 in Maces & Flails
  2150 | Sewer    | Reached skill level 7 in Maces & Flails
  2150 | Sewer    | Reached XP level 6. HP: 39/56 MP: 5/5
  2584 | D:3      | Noticed Terence
  2589 | D:3      | Killed Terence
  2589 | D:3      | Reached skill level 8 in Maces & Flails
  3084 | D:3      | Noticed Ijyb
  3095 | D:3      | Killed Ijyb
  3095 | D:3      | Reached XP level 7. HP: 61/61 MP: 6/6
  3276 | D:3      | Noticed Sigmund
  3292 | D:3      | Killed Sigmund
  3292 | D:3      | Reached skill level 9 in Maces & Flails
  3493 | D:4      | Reached skill level 10 in Maces & Flails
  3522 | D:4      | Got a vibrating lapis lazuli ring
  3603 | D:4      | Reached XP level 8. HP: 56/68 MP: 7/7
  3644 | D:4      | Reached skill level 11 in Maces & Flails
  4117 | D:5      | Entered Level 5 of the Dungeon
  4120 | D:5      | Identified the ring of Laim {Ice Int+2} (You found it on level 4 of the Dungeon)
  4378 | D:5      | Found Lueskido's Luxury Loot.
  4467 | D:5      | Reached skill level 12 in Maces & Flails
  4691 | D:6      | Found a staircase to the Ecumenical Temple.
  4716 | D:6      | Found Doagomp's Weapon Boutique.
  4756 | Temple   | Entered the Ecumenical Temple
  5106 | D:6      | Found an iron altar of Okawaru.
  5120 | D:6      | Became a worshipper of Warmaster Okawaru
  5171 | D:6      | Found Besezaref's Food Shop.
  5399 | D:6      | Found Eteuhol's Armour Emporium.
  5593 | D:6      | Reached XP level 9. HP: 75/81 MP: 8/8
  5670 | D:6      | Found Alimn's Armour Shoppe.
  5761 | D:7      | Noticed HeyBub's ghost (novice SpAK)
  5770 | D:7      | Killed HeyBub's ghost
  5802 | D:7      | Noticed Menkaure
  5804 | D:7      | Reached * piety under Okawaru
  5804 | D:7      | Reached skill level 10 in Fighting
  5813 | D:7      | Killed Menkaure
  6018 | D:7      | Found a bloodstained altar of Trog.
  6019 | D:7      | Found a hazy altar of Hepliaklqana.
  6019 | D:7      | Noticed Pikel
  6035 | D:7      | Killed Pikel
  6043 | D:7      | Found a shadowy altar of Dithmenos.
  6045 | D:7      | Found a white marble altar of Elyvilon.
  6243 | D:7      | Reached ** piety under Okawaru
  6549 | D:8      | Noticed a two-headed ogre
  6559 | D:8      | Killed a two-headed ogre
  6559 | D:8      | Reached *** piety under Okawaru
  6559 | D:8      | Received a gift from Okawaru
  6559 | D:8      | Reached XP level 10. HP: 84/100 MP: 7/9
  6729 | D:8      | Found a sand-covered staircase.
  6734 | Ossuary  | Entered an ossuary
  6806 | Ossuary  | Reached skill level 1 in Invocations
  6928 | D:8      | Identified a scroll of acquirement
  6931 | D:8      | Got a translucent glaive
  6938 | D:8      | Identified the +5 glaive of Blood-Lust {venom, *Slow rElec Str+5} (You acquired it on level 8 of the Dungeon)
  7049 | D:8      | Noticed Psyche
  7059 | D:8      | Killed Psyche
  7191 | D:8      | Reached **** piety under Okawaru
  7261 | D:8      | Noticed Maurice
  7270 | D:8      | Killed Maurice
  7436 | D:8      | Reached skill level 15 in Fighting
  7635 | D:9      | Found a stormy altar of Qazlal.
  7652 | D:9      | Found Mad Gasa's Antique Weapon Shop.
  7658 | D:9      | Bought a twisted great mace for 333 gold pieces
  7663 | D:9      | Identified the +5 great mace of Midnight {venom, rN+ Int+3 Dex+7} (You bought it in a shop on level 9 of the Dungeon)
  7702 | D:9      | Reached XP level 11. HP: 66/113 MP: 10/10
  7869 | D:9      | Noticed a two-headed ogre
  7875 | D:9      | Killed a two-headed ogre
  7875 | D:9      | Reached ***** piety under Okawaru
  8151 | D:10     | Entered Level 10 of the Dungeon
  8219 | D:10     | Received a gift from Okawaru
  8219 | D:10     | Reached skill level 13 in Maces & Flails
  8488 | D:10     | Found a staircase to the Lair.
  8548 | D:10     | Noticed a cyan ugly thing
  8555 | D:10     | Killed a cyan ugly thing
  8732 | D:10     | Reached skill level 14 in Maces & Flails
  8909 | D:10     | Found a staircase to the Orcish Mines.
  8921 | D:10     | Found a roughly hewn altar of Beogh.
  9054 | Orc:1    | Entered Level 1 of the Orcish Mines
  9063 | Orc:1    | Noticed a two-headed ogre
  9262 | Orc:1    | Killed a two-headed ogre
  9328 | Orc:1    | Found a burning altar of Makhleb.
  9432 | Orc:1    | Reached skill level 5 in Invocations
  9712 | Orc:2    | Entered Level 2 of the Orcish Mines
  9712 | Orc:2    | Noticed Rupert
  9744 | Orc:2    | Found a staircase to the Elven Halls.
  9749 | Orc:2    | Noticed an orc high priest
  9759 | Orc:2    | Noticed a stone giant
  9786 | D:11     | Noticed an ice dragon
  9790 | D:11     | Found a runed door.
  9790 | D:11     | Noticed a fire dragon
  9790 | D:11     | Noticed an ice dragon
  9792 | D:11     | Noticed a fire dragon
  9836 | D:11     | Noticed Sonja
  9842 | D:11     | Cast into level 1 of the Abyss (Sonja)
  9890 | Abyss:1  | Noticed an Executioner
  9931 | Abyss:1  | Noticed a great orb of eyes
  9946 | Abyss:1  | Paralysed by a great orb of eyes for 4 turns
  9950 | Abyss:1  | Killed a great orb of eyes
 10011 | Abyss:1  | Noticed a rakshasa
 10012 | Abyss:1  | Noticed a tentacled starspawn
 10020 | Abyss:1  | Killed a rakshasa
 10024 | Abyss:1  | Killed a tentacled starspawn
 10024 | Abyss:1  | Received a gift from Okawaru
 10024 | Abyss:1  | Reached XP level 12. HP: 75/121 MP: 13/17
 10157 | Abyss:1  | Noticed a starcursed mass
 10178 | Abyss:1  | Paralysed by accursed screaming for 1 turns
 10209 | Abyss:1  | Noticed a tentacled starspawn
 10236 | Abyss:1  | Killed a tentacled starspawn
 10236 | Abyss:1  | Reached skill level 10 in Invocations
 10240 | D:11     | Escaped the Abyss
 10242 | D:11     | Killed Sonja
 10342 | D:11     | Found a runed door.
 10546 | D:11     | Received a gift from Okawaru
 10598 | D:11     | Noticed a two-headed ogre
 10602 | D:11     | Killed a two-headed ogre
 10649 | D:11     | Reached skill level 15 in Maces & Flails
 11046 | D:11     | Found Caytham's Antique Armour Shop.
 11053 | D:11     | Bought a pair of bloodstained boots for 266 gold pieces
 11063 | D:11     | Identified the +0 pair of boots "Leunkoro" {rF+} (You bought it in a shop on level 11 of the Dungeon)
 11153 | D:12     | Noticed sleevener's ghost (journeyman TrNe)
 11161 | D:12     | Killed sleevener's ghost
 11225 | D:12     | Received a gift from Okawaru
 11225 | D:12     | Reached XP level 13. HP: 89/127 MP: 20/20
 11928 | D:12     | Reached skill level 16 in Maces & Flails
 12392 | D:13     | Gained mutation: You have a pair of large horns on your head. [potion of mutation]
 12392 | D:13     | Gained mutation: You occasionally shout uncontrollably at your foes. [potion of mutation]
 12392 | D:13     | Gained mutation: You are partially covered in rugged brown scales. (AC +1, +3% HP) [potion of mutation]
 12393 | D:13     | Lost mutation: You have a pair of large horns on your head. [potion of mutation]
 12393 | D:13     | Lost mutation: You occasionally shout uncontrollably at your foes. [potion of mutation]
 12393 | D:13     | Lost mutation: You are partially covered in rugged brown scales. (AC +1, +3% HP) [potion of mutation]
 12393 | D:13     | Gained mutation: You can translocate small distances at will. [potion of mutation]
 12393 | D:13     | Gained mutation: You have a somewhat thin skeletal structure. (Dex +2, Stealth) [potion of mutation]
 12415 | D:13     | Noticed Snorg
 12429 | D:13     | HP: 4/127 [Snorg (4)]
 12430 | D:13     | Slain by Snorg

Skill      XL: |  1  2  3  4  5  6  7  8  9 10 11 12 13 |
---------------+----------------------------------------+-----
Fighting       | 4 5 8 12 15 | 15.5
Maces & Flails | 3 4 5 7 8 10 12 14 15 16 | 16.8
Invocations    | 1 8 11 | 11.3
Armour         | |  3.6
Shields        | |  3.6

Action                   |  1- 3 |  4- 6 |  7- 9 | 10-12 | 13-15 || total
-------------------------+-------+-------+-------+-------+-------++-------
Melee: Flail             |    71 |   158 |       |       |       ||   229
       Headbutt          |    11 |    22 |    53 |   138 |    21 ||   245
       Whip              |       |    38 |   263 |   186 |       ||   487
       Great mace        |       |       |       |   320 |   100 ||   420
Throw: Tomahawk          |       |       |    39 |     3 |       ||    42
Invok: Heroism           |       |       |     1 |    16 |     2 ||    19
       Finesse           |       |       |       |     5 |     1 ||     6
  Use: Scroll            |     3 |     8 |     6 |     3 |     6 ||    26
       Potion            |       |     1 |     2 |     5 |     3 ||    11
  Eat: Chunk             |       |     7 |    11 |    11 |     4 ||    33
       Bread ration      |       |       |       |     1 |       ||     1
Armor: Scale mail        |    16 |       |       |       |       ||    16
       Plate armour      |    17 |   181 |    60 |   213 |    86 ||   557
Dodge: Dodged            |    15 |    92 |    37 |   198 |    67 ||   409
Block: Shield            |    29 |       |       |       |       ||    29
       Buckler           |       |    64 |    47 |    29 |       ||   140
